AoeStats
← MZTK | GaboxNet .i.

Arabia

510358480Analyzed
3v3 RM · 18h ago on Sep 30, 2026· 35m 51s· 6 players
Game mode
Random Map
Map size
Normal (6 player)
Population
200
Speed
Normal
Resources
Standard
Victory
Conquest
Starting age
Dark Age
Ending age
Imperial Age
RankedLock teamsTeams togetherTeam positionsShared explorationLock speedFull tech treeHidden civsTurbo modeCheats
Victory
Defeat
🇲🇽 Persians · Mexico
1194
+14
🇲🇽 Saracens · Mexico
1192
+14
🇲🇽 Spanish · Mexico
1061
+19
🇨🇭 Cumans · Switzerland
1165
-17
🇪🇨 Armenians · Ecuador
1127
-15
🇨🇳 Celts · China
1126
-15
| CZK | CONANJD
9:10 Loom
11:11 Feudal Age
16:46 Double-Bit Axe
16:44 Horse Collar
21:14 Fletching
22:18 Wheelbarrow
25:35 Castle Age
24:31 Town Watch
26:31 Bodkin Arrow
27:41 Bow Saw
30:30 Ballistics
31:42 Sanctity
33:00 Guard Tower
13URNS
11:55 Feudal Age
18:44 Castle Age
20:59 Fletching
22:12 Horse Collar
23:07 Double-Bit Axe
23:19 Crossbowman
24:17 Pikeman
29:49 Bodkin Arrow
34:06 Forging
35:08 Squires
34:32 Elite Skirmisher
队友的小宝贝
1:55 Loom
10:30 Feudal Age
13:07 Wheelbarrow
13:15 Man-at-Arms
26:43 Castle Age
MZTK | GaboxNet .i.
9:31 Feudal Age
12:39 Bloodlines
12:45 Double-Bit Axe
14:46 Forging
22:10 Castle Age
20:44 Gold Mining
20:36 Horse Collar
24:39 Wheelbarrow
24:46 Bow Saw
26:29 Heavy Plow
29:50 Scale Barding Armor
33:46 Imperial Age
31:42 Husbandry
33:21 Hand Cart
34:40 Iron Casting
34:47 Gold Shaft Mining
35:38 Chain Barding Armor
35:05 Cavalier
37:16 Blast Furnace
bayruZ
9:38 Feudal Age
9:44 Man-at-Arms
11:13 Double-Bit Axe
14:32 Loom
16:55 Horse Collar
18:01 Town Watch
21:02 Fletching
21:42 Padded Archer Armor
26:03 Castle Age
25:13 Stone Mining
30:17 Wheelbarrow
29:50 Gold Mining
30:11 Bow Saw
30:11 Heavy Plow
31:39 Bodkin Arrow
35:19 Leather Archer Armor
38:31 Imperial Age
_MZTK_SIRO_
7:23 Loom
9:57 Feudal Age
11:19 Man-at-Arms
14:23 Double-Bit Axe
16:03 Fletching
17:34 Horse Collar
23:30 Castle Age
22:32 Stone Mining
28:41 Bodkin Arrow
28:47 Padded Archer Armor
30:50 Wheelbarrow
36:22 Leather Archer Armor
35:56 Town Watch
36:27 Hand Cart
Connection lost

Rejoining the realm…

Still unreachable

The connection could not be restored.

Session expired

The server has moved on; the page needs a fresh start.